Unix NetHack Version 5.0.0-0 post-release - last build May 17 2026 04:57:42 (dc50c8380fa5e20985bfe3072449f57b8d9895ef,branch:main).

Game began 2026-05-15 19:43:38, ended 2026-05-20 16:17:24.

Gary, lawful male human Samurai

                             -------------------
                          ----..............^..----
                   ..  ----.....-------------.....----
                  ....--.....----.........d.----.....--
                  ...--....---....----.---  .  ---..!.--
                  .%.|....--....---.%%%...   ....--...)|
                 ....|...--...---...--|--     -...--...|
                 .)%.|.^E|....|...@-- ^.      |...%|%..|
                 ..).|...|....|.)%)-..).      |...%%)).|
                 )<..|...|....|..).--         |.)..|...|
                 .)).|...--...---...-       ---.%.--...|
                  ...|....--....---.      ---....--....
                  ...--....---....---------....---.
                  .!.%--.....----...........---- .
                   h%.%----...)!-------------  ..
                    ......----.%.).%....%d.....
                       ..%@@.---------%---
                           .......(d.).%.&
Gary the Ryoshu        St:25 Dx:18 Co:18 In:15 Wi:18 Ch:16  Lawful S:481387
Home 5 $:0  HP:0(132) Pw:78(78) AC:-12 Xp:16/334812 T:45118  Blind

Latest messages:
 Ashikaga Takauji vanishes and reappears next to you.
 Ashikaga Takauji hits!
 Ashikaga Takauji hits again!
 Ashikaga Takauji hits!
 ["I have offered you the honorable exit.  Now I will have your head to send unwashed to Lord Sato."]
 What do you want to use or apply? [abfiksuwBIMRW or ?*] s
 In what direction?
 Status of Ashikaga Takauji (chaotic, medium):  Level 15  HP 73(78)  AC -5.
 You hit Ashikaga Takauji.
 Ashikaga Takauji vanishes and reappears farther away.
 You hear some noises in the distance.
 You hear some noises.
 Ashikaga Takauji vanishes and reappears closer to you.
 The lizard bites!
 Ashikaga Takauji vanishes and reappears closer to you.
 You kill the lizard!
 Ashikaga Takauji vanishes and reappears closer to you.
 Ashikaga Takauji vanishes and reappears closer to you.
 Ashikaga Takauji vanishes and reappears closer to you.
 Ashikaga Takauji vanishes and reappears closer to you.
 You try to feel what is lying here on the floor.
 You feel here a stalker corpse.
 Ashikaga Takauji vanishes and reappears closer to you.
 You try to feel what is lying here on the floor.
 Ashikaga Takauji vanishes and reappears closer to you.
 Ashikaga Takauji vanishes and reappears next to you.
 Ashikaga Takauji hits!
 Ashikaga Takauji hits again!
 Ashikaga Takauji hits!
 "After I have dispatched you, I will curse your kami."
 You hit Ashikaga Takauji.
 Ashikaga Takauji vanishes and reappears farther away.
 You try to feel what is lying here on the floor.
 Ashikaga Takauji vanishes and reappears closer to you.
 Ashikaga Takauji vanishes and reappears closer to you.
 You try to feel what is lying here on the floor.
 You try to feel what is lying here on the floor.
 There are several objects here.
 Ashikaga Takauji vanishes and reappears closer to you.
 Ashikaga Takauji vanishes and reappears closer to you.
 Ashikaga Takauji vanishes and reappears closer to you.
 Ashikaga Takauji vanishes and reappears closer to you.
 What do you want to put on? [U or ?*] U
 U - an uncursed ring of regeneration (on left hand).
 Ashikaga Takauji vanishes and reappears closer to you.
 Ashikaga Takauji vanishes and reappears closer to you.
 Ashikaga Takauji vanishes and reappears closer to you.
 Ashikaga Takauji vanishes and reappears next to you.
 The razor-sharp blade cuts you in half!
 You die...

Inventory:
 Amulets  ('"')
  V - an uncursed amulet of reflection (being worn)
 Weapons  (')')
  a - the blessed rustproof +4 Snickersnee (weapon in right hand)
 Armor    ('[')
  q - an uncursed greased +0 dwarvish iron helm (being worn)
  g - an uncursed +0 pair of gauntlets of power (being worn)
  n - a blessed +2 pair of elven boots (being worn)
  p - an uncursed burnt +0 elven cloak (being worn)
  o - a blessed greased +3 gray dragon scale mail (being worn)
 Comestibles  ('%')
  l - an uncursed lizard corpse
 Scrolls  ('?')
  K - an uncursed scroll of remove curse
  t - an uncursed scroll of scare monster
  T - an uncursed scroll of teleportation
 Potions  ('!')
  F - an uncursed potion of full healing
  P - a potion of holy water
 Rings    ('=')
  U - an uncursed ring of regeneration (on left hand)
  Y - an uncursed ring of teleport control (on right hand)
 Wands    ('/')
  R - a wand of cold (0:1)
  I - a wand of digging (0:6)
  f - a wand of teleportation (0:5)
 Tools    ('(')
  b - a blessed greased bag of holding containing 119 items
  W - an uncursed sack containing 1 item
  B - an uncursed blindfold (being worn)
  M - a can of grease (0:17)
  i - an uncursed magic lamp (lit)
  w - an uncursed magic whistle
  k - an uncursed skeleton key
  s - an uncursed stethoscope
  u - a blessed +0 unicorn horn
 Gems/Stones  ('*')
  x - an uncursed worthless piece of black glass
  H - an uncursed worthless piece of blue glass
  J - an uncursed worthless piece of green glass
  Q - an uncursed worthless piece of orange glass
  S - an uncursed worthless piece of violet glass
  e - an uncursed worthless piece of white glass
  r - an uncursed worthless piece of yellowish brown glass
  j - a blessed luckstone

Contents of the bag of holding:
  4035 gold pieces
  an uncursed amulet of life saving
  5 +0 elven arrows
  a blessed +1 silver saber
  an uncursed burnt +0 pair of yugake
  an uncursed +0 pair of kicking boots
  an uncursed +0 pair of levitation boots
  a cursed -1 pair of levitation boots
  an uncursed +0 pair of water walking boots
  an uncursed +0 alchemy smock with text "If you don't like the food, I'll stab you"
  a cursed -1 cloak of displacement
  an uncursed +0 cloak of invisibility
  an uncursed +0 mummy wrapping
  an uncursed +0 oilskin cloak
  2 uncursed carrots
  an uncursed cram ration
  7 uncursed gunyoki
  7 uncursed K-rations
  6 uncursed lembas wafers
  25 uncursed lumps of royal jelly
  an uncursed orange
  4 uncursed tripe rations
  an uncursed lizard corpse
  an uncursed partly eaten lizard corpse
  an uncursed partly eaten lizard corpse
  4 uncursed scrolls of blank paper
  a cursed scroll of blank paper
  2 uncursed scrolls of create monster
  an uncursed scroll of enchant weapon
  a cursed scroll of enchant weapon
  an uncursed scroll of genocide
  an uncursed scroll of gold detection
  2 blessed scrolls of identify
  2 cursed scrolls of identify
  a cursed scroll of magic mapping
  2 uncursed scrolls of remove curse
  2 cursed scrolls of remove curse
  a blessed scroll of taming
  5 uncursed scrolls of teleportation
  2 cursed scrolls of teleportation
  an uncursed potion of enlightenment
  2 blessed potions of extra healing
  4 uncursed potions of extra healing
  3 uncursed diluted potions of extra healing
  2 cursed potions of extra healing
  3 uncursed potions of full healing
  a cursed potion of full healing
  3 uncursed potions of gain energy
  a cursed potion of gain level named cursed
  4 uncursed potions of healing
  an uncursed potion of object detection
  a blessed potion of restore ability
  a cursed potion of restore ability
  a blessed potion of see invisible
  an uncursed potion of speed
  18 potions of holy water
  an uncursed +1 ring of adornment
  an uncursed ring of conflict
  an uncursed ring of free action
  an uncursed ring of polymorph control
  a cursed -1 ring of protection
  an uncursed ring of stealth
  a wand of cold (0:7)
  a wand of create monster (0:13)
  a wand of create monster (0:12)
  a wand of create monster (0:0)
  a wand of digging (0:8)
  a wand of digging (0:8)
  a wand of digging (0:6)
  a wand of digging (0:6)
  a cursed wand of digging (0:7)
  a wand of fire (0:4)
  a wand of fire (0:3)
  a wand of magic missile (0:8)
  a wand of magic missile (0:7)
  a wand of magic missile (0:5)
  a wand of magic missile (0:4)
  a wand of magic missile (0:3)
  a cursed wand of magic missile (0:4)
  a wand of make invisible (0:5)
  a wand of make invisible (0:2)
  a wand of opening (0:7)
  a wand of polymorph (0:6)
  a wand of polymorph (0:4)
  a cursed wand of probing (0:3)
  a wand of sleep (0:7)
  a wand of sleep (0:5)
  a wand of sleep (0:2)
  a wand of slow monster (0:6)
  a wand of speed monster (0:5)
  a cursed wand of speed monster (0:5)
  a wand of striking (0:6)
  a wand of striking (0:5)
  a cursed wand of striking (0:7)
  a wand of undead turning (0:4)
  a wand of wishing (0:1)
  an uncursed bugle
  an uncursed koto
  an expensive camera (0:87)
  a blessed magic lamp
  a blessed oil lamp
  6 uncursed tallow candles
  a +0 unicorn horn
  an uncursed wax candle
  4 uncursed agate stones
  3 uncursed amethyst stones
  5 uncursed aquamarine stones
  an uncursed citrine stone
  2 uncursed diamonds
  3 uncursed emeralds
  4 uncursed fluorite stones
  3 uncursed garnet stones
  4 uncursed jade stones
  3 uncursed jet stones
  a cursed jet stone
  5 uncursed rubies
  a cursed ruby
  4 uncursed sapphires
  4 uncursed turquoise stones

Contents of the sack:
  a potion of holy water

Gary the Samurai's attributes:

Background:
 You were a Ryoshu, a level 16 male human Samurai.
 You were lawful, on a mission for Amaterasu Omikami
 who was opposed by Raijin (neutral) and Susanowo (chaotic).
 You were right-handed.
 You were in the Quest, on level 5.
 You entered the dungeon 45118 turns ago.
 You had 334812 experience points, 305188 more were needed to attain level 17.
 Your score was 481387 before end-of-game adjustments.

Basics:
 You had 0 out of 132 hit points.
 You had all 78 energy points (spell power).
 Your armor class was -12.
 Your wallet was empty, but
 you had 4035 zorkmids stashed away in your pack.
 Autopickup was on for '$' plus thrown.

Final Characteristics:
 Your strength was 25 (base:18/18, innate limit:18/100).
 Your dexterity was 18 (limit:18).
 Your constitution was 18 (limit:18).
 Your intelligence was 15 (limit:18).
 Your wisdom was 18 (limit:18).
 Your charisma was 16 (limit:18).

Final Status:
 You were deliberately blind.
 You weren't hungry.
 You were unencumbered.
 You were wielding a long sword.
 You had expert skill with long sword.

Final Attributes:
 You were piously aligned.
 You were magic-protected.
 You were fire resistant.
 You were cold resistant.
 You were sleep resistant.
 You were disintegration resistant.
 You were shock resistant.
 You were poison resistant.
 You would have seen invisible when not blind.
 You were telepathic.
 You were invisible to others.
 You were stealthy.
 You had teleport control.
 You regenerated.
 You had a small defense bonus (+4).
 You were warded.
 You were fast.
 You had reflection.
 You were lucky.
 You had extra luck.
 Good luck did not time out for you.
 You are dead.

Miscellaneous:
 You didn't encounter any bones levels.
 Total elapsed playing time was 20 hours, 26 minutes and 27 seconds.

Major events:
 Turn
    1: Gary the lawful male human Samurai entered the dungeon
  660: attained the rank of Ronin (level 3)
  785: entered the Gnomish Mines
 2014: attained the rank of Ninja (level 6)
 2332: entered Sokoban
 3283: reached Mine Town
 3510: was bestowed with Snickersnee by Amaterasu Omikami
 4572: completed 1st Sokoban level
 4849: completed 2nd Sokoban level
 5182: completed 3rd Sokoban level
 5694: completed 4th Sokoban level
 6905: acquired the Sokoban amulet of reflection
 8029: attained the rank of Joshu (level 10)
 8198: acquired the Mines' End luckstone
11130: entered Home 1, the Quest
21740: made his first wish - "blessed greased +2 gray dragon scale mail", got "a greased gray dragon scale mail"
36877: killed Medusa
37569: attained the rank of Ryoshu (level 14)
39103: entered Gehennom
43231: performed his first genocide (class L)
43445: Lord Sato has granted access to proceed deeper into the quest
43453: entered Home 2, the Quest
43554: entered Home 3, the Quest
44384: entered Home 4, the Quest
44734: entered Home 5, the Quest
45077: found the Tsurugi of Muramasa carried by a monster
45118: killed by Ashikaga Takauji

Spells:
 Name                 Level Category     Fail Retention
 detect monsters        1   divination   100%    1%-25%

Skills:
 Fighting Skills
   martial arts      [Basic]
   two weapon combat [Unskilled]
   riding            [Unskilled]
 Weapon Skills
   dagger            [Unskilled]
   knife             [Unskilled]
   short sword       [Basic]
   broadsword        [Unskilled]
   long sword        [Expert]
   two-handed sword  [Unskilled]
   saber             [Unskilled]
   flail             [Unskilled]
   quarterstaff      [Unskilled]
   polearms          [Unskilled]
   spear             [Unskilled]
   lance             [Unskilled]
   bow               [Basic]
   shuriken          [Unskilled]
 Spellcasting Skills
   attack spells     [Unskilled]
   divination spells [Unskilled]
   clerical spells   [Unskilled]

Voluntary challenges:
 Character rerolling was not enabled.
 You genocided 4 types of monsters.
 You used 1 wish.
 You did not wish for any artifacts.
 You did not violate any of the special Sokoban rules.
Achievements:
 You entered a shop.
 You attained the rank of Ronin.
 You entered the Gnomish Mines.
 You attained the rank of Ninja.
 You entered Sokoban.
 You entered Minetown.
 You entered a temple.
 You completed Sokoban.
 You attained the rank of Joshu.
 You completed the Gnomish Mines.
 You defeated Medusa.
 You learned the tune to open and close the Castle's drawbridge.
 You attained the rank of Ryoshu.
 You entered Gehennom.

 The Dungeons of Doom: levels 1 to 28
    Level 1:
       A fountain, a sink.
    Level 2:
       A general store, a fountain.
       Stairs down to The Gnomish Mines.
    Level 3:
       A fountain, a grave.
    Level 4:
    Level 5:
       A throne, a fountain.
    Level 6:
       Many fountains.
       Oracle of Delphi.
    Level 7:
       A fountain.
       Stairs up to Sokoban, level 6.
    Level 8: "stash"
       A throne, a fountain.
    Level 9:
    Level 10:
       Some fountains.
    Level 11:
    Level 12:
       Some fountains, a sink, a grave.
       Summoned by Lord Sato.
       Portal to The Quest.
    Level 13:
       A sink, a grave.
    Level 14:
       A general store, a fountain.
    Level 15: "stash"
    Level 16:
       A general store, some graves.
    Level 17:
       Some fountains.
    Level 18:
       A primitive area.
    Level 19:
    Level 20:
    Level 21:
       An altar, a throne.
    Level 22:
    Level 23:
       A fountain.
    Level 24:
       A temple and an altar, some fountains.
    Level 25: "master mind flayer"
       A throne, a fountain.
    Level 26:
    Level 27:
    Level 28: "Castle (stash)"
       A throne, a fountain.
       Connection to Gehennom.
 Gehennom:
    Level 29:
 The Gnomish Mines: levels 3 to 11
    Level 3:
    Level 4:
    Level 5:
    Level 6:
       Many shops, a temple and an altar to Amaterasu Omikami, some fountains.
    Level 7:
    Level 8:
    Level 9:
    Level 10:
    Level 11:
 The Quest: levels 1 to 5
    Level 1:
       Given quest by Lord Sato.
    Level 2:
    Level 3:
    Level 4:
    Level 5: <- You were here.
       Final resting place for
          you, killed by Ashikaga Takauji.
 Sokoban: levels 6 up to 3
    Level 3:
       Solved.
    Level 4:
       Solved.
    Level 5:
       Solved.
    Level 6:
       Solved.


Vanquished creatures:
    Medusa
 an iron golem
  a storm giant
  a glass golem
  5 purple worms
  2 gray dragons
  2 silver dragons
  a red dragon
  2 white dragons
 an orange dragon
  a black dragon
  3 blue dragons
  2 green dragons
  a yellow dragon
  a minotaur
  2 demiliches
  a master mind flayer
  9 Olog-hai
  2 displacer beasts
  2 titanotheres
  a trapper
  a baby gold dragon
  a guardian naga
  a genetic engineer
  a disenchanter
  4 vampire leaders
  3 captains
  2 liches
  2 water trolls
  2 clay golems
  a nurse
  a lurker above
  a frost giant
 an ettin
  4 black puddings
  a vampire
  2 lieutenants
  9 samurai
  5 queen bees
  2 winged gargoyles
  a mind flayer
  3 giant mimics
  4 long worms
  5 zruties
  3 fire giants
  6 ogre tyrants
  5 ice trolls
  5 rock trolls
  5 umber hulks
  a flesh golem
 an elven monarch
  4 doppelgangers
  a large mimic
  4 wumpuses
 45 stalkers
 an air elemental
  3 fire elementals
  9 earth elementals
  2 water elementals
 10 hill giants
  2 giant mummies
  a black naga
  4 xorns
  2 giant zombies
  7 elf-nobles
 14 sergeants
  2 barbed devils
  9 wargs
  8 winter wolves
 10 small mimics
  a glass piercer
  3 warhorses
  3 xans
 an ettin mummy
  5 ogre leaders
  4 quantum mechanics
 13 trolls
  4 sharks
  3 gelatinous cubes
  a pyrolisk
  4 large dogs
  a freezing sphere
  3 flaming spheres
  3 shocking spheres
  4 tigers
  5 gargoyles
  2 dwarf rulers
  2 tengu
  3 ochre jellies
  4 leocrottas
 an energy vortex
  a mountain centaur
  a stone giant
  3 elf mummies
  3 red nagas
  2 pit vipers
  3 cobras
  a wraith
  2 carnivorous apes
  3 leather golems
  8 Grey-elves
 45 soldiers
  a watchman
 an amorous demon
  a horned devil
  9 chameleons
  2 crocodiles
  6 giant beetles
  5 quivering blobs
 14 cockatrices
134 wolves
  a winter wolf cub
  3 lynxes
  5 panthers
 33 gremlins
  2 spotted jellies
  8 leprechauns
  2 orc-captains
 an iron piercer
  3 mumakil
 10 giant spiders
  7 scorpions
  3 horses
  3 ice vortices
  3 black lights
  4 vampire bats
  3 forest centaurs
  8 gnome rulers
 an orc mummy
  5 dwarf mummies
 11 ogres
  4 brown puddings
  4 rust monsters
  6 owlbears
  5 yetis
  a gold golem
  9 Green-elves
  7 giant eels
  8 lizards
 21 ninja
  2 chickatrices
  2 dingoes
  3 dogs
  2 housecats
  8 jaguars
  4 dwarf leaders
  3 blue jellies
  3 black unicorns
  5 dust vortices
  9 ravens
  2 plains centaurs
  3 gnome mummies
  8 snakes
  2 apes
  5 human zombies
  a rope golem
 10 Woodland-elves
 66 soldier ants
 19 bugbears
  2 imps
  8 quasits
  3 wood nymphs
  8 water nymphs
 11 mountain nymphs
 17 Mordor orcs
 10 Uruk-hai
  4 orc shamans
  8 rock piercers
  6 rock moles
  2 ponies
  3 fog clouds
 10 yellow lights
  7 violet fungi
 25 gnome leaders
  7 gnomish wizards
  3 kobold mummies
  a red naga hatchling
  4 gray oozes
  3 barrow wights
  9 elf zombies
  a ghoul
  a straw golem
  a paper golem
  3 jellyfish
  2 baby crocodiles
 10 giant ants
  a little dog
  8 floating eyes
  a kitten
 17 dwarves
  a homunculus
  5 kobold shamans
 36 hill orcs
 18 rothes
  2 rabid rats
  3 centipedes
  6 giant bats
 11 orc zombies
  7 dwarf zombies
  a wererat
  2 werejackals
  8 iguanas
 70 killer bees
  7 acid blobs
 11 coyotes
  a gas spore
  3 hobbits
 16 manes
  3 large kobolds
 14 hobgoblins
 11 giant rats
  a cave spider
  3 brown molds
  3 yellow molds
  4 green molds
 76 gnomes
 14 garter snakes
  7 gnome zombies
 10 geckos
 13 jackals
  4 foxes
  2 kobolds
  4 goblins
  8 sewer rats
  9 grid bugs
  a bat
  7 lichens
  7 kobold zombies
 11 newts
1532 creatures vanquished.

Genocided or extinct species:
 arch-liches
 master liches
 demiliches
 liches
 wolves (extinct)
4 species genocided.
1 species extinct.

Game over:
                       ----------
                      /          \
                     /    REST    \
                    /      IN      \
                   /     PEACE      \
                  /                  \
                  |       Gary       |
                  |     4035 Au      |
                  |    killed by     |
                  | Ashikaga Takauji |
                  |                  |
                  |                  |
                  |       2026       |
                 *|     *  *  *      | *
        _________)/\\_//(\/(/\)/\//\/|_)_______

Sayonara Gary the Samurai...

You died in The Quest on dungeon level 5 with 480984 points,
and 4035 pieces of gold, after 45118 moves.
You were level 16 with a maximum of 132 hit points when you died.

